 Dungeon Crawl Stone Soup version 0.26-a0-651-gb41185065b (webtiles) character file.

Game seed: 4063918870722532668

4 Flugslaktarn the Covered (level 1, -3/20 HPs)
             Began as a Deep Dwarf Fighter on Oct 6, 2020.
             Killed by nerve-wracking pain
             ... invoked by an orc priest
              (13 damage)
             ... on level 3 of the Dungeon.
             The game lasted 00:00:04 (172 turns).

Flugslaktarn the Covered (Deep Dwarf Fighter)        Turns: 172, Time: 00:00:05

Health: -3/20      AC:  6    Str: 19    XL:     1   Next: 58%
Magic:  1/1        EV:  7    Int:  8    God:
Gold:   20         SH:  9    Dex: 12    Spells: 0/0 levels left

rFire    . . .     SeeInvis .   a - +0 war axe
rCold    . . .     Faith    .   c - +0 kite shield
rNeg     . . .     Spirit   .   b - +0 scale mail
rPois    .         Reflect  .   (no helmet)
rElec    .         Harm     .   (no cloak)
rCorr    .         Rampage  .   (no gloves)
MR       .....                  (no boots)
Stlth    ..........             (no amulet)
HPRegen  0.00/turn              (no ring)
MPRegen  0.07/turn              (no ring)

@: non-regenerating
A: damage resistance, heal wounds, sense surroundings 1, no regeneration
a: Heal Wounds


You were on level 3 of the Dungeon.
You visited 1 branch of the dungeon, and saw 3 of its levels.

You collected 20 gold pieces.

Inventory:

Hand Weapons
 a - a +0 war axe (weapon)
Armour
 b - a +0 scale mail (worn)
 c - a +0 kite shield (worn)
Scrolls
 e - a scroll of random uselessness {unknown}
 f - a scroll of identify {unknown}
 g - a scroll of amnesia {unknown}
Potions
 d - a potion of might


   Skills:
 * Level 2.8 Fighting
 * Level 2.3 Axes
 + Level 3.3 Armour
 + Level 3.3 Shields


You couldn't memorise any spells.
You didn't know any spells.
Your spell library was empty.

Dungeon Overview and Level Annotations

Branches:
Dungeon (3/15)

Altars:


Innate Abilities, Weirdness & Mutations

You are resistant to damage.
You can heal yourself by infusing magical energy.
You passively map a small area around you.
You do not regenerate.


Message History

You barely miss the orc.
The orc is severely wounded.
You barely miss the orc priest. The orc barely misses you.
You block the orc priest's attack.
The orc priest mumbles some strange prayers to Beogh against you.
Beogh smites you!
Ouch! That really hurt!
The orc completely misses you.
You completely miss the orc.
The orc is severely wounded.
You barely miss the orc priest.
The orc priest calls upon Beogh to heal the orc.
The orc's wounds heal themselves!
You block the orc's attack.
You hit the orc priest.
The orc priest is lightly wounded.
You hit the orc but do no damage.
The orc priest invokes the aid of Beogh against you.
Pain shoots through your body!
Ouch! That really hurt!
You die...

## ########
#####.**
#......#
,..#..
#.####.# ....
#.# #.# ,*#
*,#.o * #.#
#.#
....##o#####.#
#.#
#....o@.....#
#.#
##.##.#######
#.# * *#+ *
#.# * ,* **
#.# * , * ##.#
, , ##..# ,
####...## ,
+......<# , *
####....#


You could see an orc priest and 2 orcs.

Vanquished Creatures
  2 kobolds (D:1)
  A ball python (D:2)
  2 goblins (D:1)
5 creatures vanquished.

Notes
Turn   | Place    | Note
-------+----------+-------------------------------------------
     0 | D:1      | Flugslaktarn the Deep Dwarf Fighter began the quest for the
                  | Orb.
     0 | D:1      | Reached XP level 1. HP: 20/20 MP: 1/1
   165 | D:3      | Noticed an orc priest
   166 | D:3      | Noticed an orc wizard
   172 | D:3      | Killed from afar by an orc priest

Illustrated notes

Levels and vault maps discovered:
D:1:      scummos_arrival_simple_fountains, layout_loops_ring, chequers_garden
D:2:      layout_loops_cross, amethyst_overflow_temple_binary
D:3:      cheibrodos_helix_gallery, layout_loops_corners, marbit_many_paths,
          minmay_ogre_servants

Action                   || total
-------------------------++-------
Melee: War axe           ||    16
Armor: Scale mail        ||     3
Dodge: Dodged            ||     5
Block: Kite shield       ||     6

Table legend: (Time is in decaauts)
 A = Elapsed time spent in this place.
 B = Non-inter-level travel time spent in this place.
 C = Inter-level travel time spent in this place.
 D = Time resting spent in this place.
 E = Time spent auto-exploring this place.
 F = Levels seen in this place.
 G = Mean time per level.
                   A        B        C        D        E       F      G
               +--------+--------+--------+--------+--------+-----+--------+
         Total |    178 |    137 |     41 |      0 |     98 |   3 |   59.3 |
       Dungeon |    178 |    137 |     41 |      0 |     98 |   3 |   59.3 |
               +--------+--------+--------+--------+--------+-----+--------+

Top non-repeatable levels by time:
     D:1: 73 daAuts
     D:2: 66 daAuts
     D:3: 39 daAuts
